Toronto Maple Leafs vs Boston Bruins
Created - Thursday, August 24, 2023 at 08:09
Goals
|
| Toronto Maple Leafs |
2 |
1 |
1 |
4 |
| Boston Bruins |
0 |
1 |
1 |
2 |
|
Shots
|
| Toronto Maple Leafs |
15 |
13 |
14 |
42 |
| Boston Bruins |
9 |
14 |
10 |
33 |
|
1st period
1. Toronto Maple Leafs , Nicolas Roy 1 (Dougie Hamilton 1, Andrew Mangiapane 1) at 2:34
2. Toronto Maple Leafs , Troy Terry 1 (Trevor Zegras 3, Nino Niederreiter 2) at 7:58
Penalties :
No Penalty
2nd period
3. Toronto Maple Leafs , Dougie Hamilton 1 (Troy Terry 1, Trevor Zegras 4) at 12:32
4. Boston Bruins , Joel Farabee 1 (Anthony Beauvillier 2) at 13:39
Penalties :
Matt Grzelcyk (BOS) for Holding (Minor) at 7:51, Mario Ferraro (TOR) for Hooking (Minor) at 16:51
3rd period
5. Boston Bruins , Phil Kessel 2 (Brandon Hagel 1, Samuel Girard 1) at 2:05
6. Toronto Maple Leafs , Dougie Hamilton 2 (Ryan Pulock 2) at 19:00 (Empty Net)
Penalties :
No Penalty
Goalie Stats
Frederik Andersen (TOR), 31 saves from 33 shots - (0.939), W, 1-1-0, 60:00 minutes
Pyotr Kochetkov (BOS), 38 saves from 41 shots - (0.927), L, 0-1-0, 59:50 minutes
Players Stats for Toronto Maple Leafs
Player Name G A P +/- PIM S H SB GA TA FO MP PP MP PK MP
------------------------------------------------------------------------------------
Aaron Ekblad 0 0 0 0 0 0 0 2 0 1 0/0 19:49 1:27 0:46
Andrew Mangiapane 0 1 1 0 0 8 0 0 0 0 0/0 14:28 0:00 0:00
Brady Tkachuk 0 0 0 -1 0 1 2 0 0 0 1/1 15:53 0:21 0:10
Brandon Saad 0 0 0 -1 0 0 0 1 0 1 0/1 15:57 1:38 0:00
Cody Ceci 0 0 0 0 0 3 1 0 0 0 0/0 18:52 0:32 0:46
Dougie Hamilton 2 1 3 2 0 3 1 4 0 1 0/0 24:27 1:27 0:36
Jonas Siegenthaler 0 0 0 0 0 1 0 0 0 1 0/0 16:48 0:00 0:37
Kyle Okposo 0 0 0 0 0 0 3 0 0 2 0/0 10:42 0:00 0:51
Mario Ferraro 0 0 0 0 2 2 3 1 0 0 0/0 16:50 0:00 0:00
Nick Bjugstad 0 0 0 1 0 3 1 0 0 0 2/6 10:55 0:00 0:58
Nicolas Roy 1 0 1 1 0 4 1 0 1 0 7/8 15:32 0:00 0:58
Nino Niederreiter 0 1 1 0 0 6 2 1 1 1 0/0 15:41 0:00 0:26
Ryan Pulock 0 1 1 2 0 0 2 2 0 1 0/0 24:00 0:32 1:13
Sam Bennett 0 0 0 -1 0 2 2 1 1 0 6/14 14:56 0:21 0:00
Scott Laughton 0 0 0 3 0 1 3 0 0 0 9/14 18:34 1:38 0:35
Trevor Zegras 0 2 2 2 0 2 2 0 1 2 1/1 17:53 1:38 0:00
Troy Terry 1 1 2 2 0 3 1 1 0 1 0/0 16:52 0:21 0:00
Warren Foegele 0 0 0 0 0 3 2 0 1 0 0/0 9:51 0:00 0:00
Players Stats for Boston Bruins
Player Name G A P +/- PIM S H SB GA TA FO MP PP MP PK MP
------------------------------------------------------------------------------------
Anthony Beauvillier 0 1 1 0 0 5 1 0 2 0 1/3 17:11 0:59 1:03
Austin Wagner 0 0 0 -2 0 0 2 0 0 0 2/4 13:30 0:06 0:00
Brandon Hagel 0 1 1 1 0 2 0 1 2 0 1/1 15:29 1:00 0:56
Charlie McAvoy 0 0 0 -3 0 1 4 1 0 1 0/0 21:24 0:44 0:45
Dylan Gambrell 0 0 0 -1 0 0 2 0 0 0 5/10 13:37 0:00 0:00
Joe Veleno 0 0 0 0 0 3 2 1 0 1 8/19 16:03 0:53 0:00
Joel Farabee 1 0 1 0 0 5 1 2 2 0 0/1 17:11 0:59 1:03
John-Jason Peterka 0 0 0 -1 0 2 0 1 0 0 0/0 13:51 0:01 0:00
Joonas Donskoi 0 0 0 -1 0 1 1 1 0 0 0/0 10:54 0:00 0:00
Mathieu Olivier 0 0 0 -1 0 1 0 0 0 0 0/0 10:54 0:00 0:00
Matt Grzelcyk 0 0 0 0 2 1 1 0 0 0 0/0 16:45 0:00 0:00
Nicholas Merkley 0 0 0 -1 0 0 0 0 0 0 0/0 13:44 0:00 0:00
Phil Kessel 1 0 1 0 0 2 0 0 1 2 0/0 18:18 1:00 0:56
Ryan Donato 0 0 0 0 0 1 4 0 2 0 2/7 17:17 0:59 0:00
Samuel Girard 0 1 1 1 0 0 1 4 0 0 0/0 21:52 1:15 1:14
Sean Durzi 0 0 0 1 0 2 2 1 1 1 0/0 21:52 1:15 1:14
Tyson Barrie 0 0 0 -3 0 4 1 2 1 0 0/0 21:24 0:44 0:45
Victor Mete 0 0 0 0 0 3 1 1 0 0 0/0 16:44 0:00 0:00
3 Stars
1 - Dougie Hamilton (TOR)
2 - Troy Terry (TOR)
3 - Trevor Zegras (TOR)
Power Play
Toronto Maple Leafs - 0 on 1 Attempt(s) - 0.00%
Boston Bruins - 0 on 1 Attempt(s) - 0.00%
Penalty Kill
Toronto Maple Leafs - 1 on 1 Attempt(s) - 100.00%
- Score 0 goal in Penalty Kill
Boston Bruins - 1 on 1 Attempt(s) - 100.00%
- Score 0 goal in Penalty Kill
Team Stat
Toronto Maple Leafs - Hits : 26 - Faceoff Wins : 26 - Blocked Shots : 13 - Penalty Minutes : 2
Boston Bruins - Hits : 23 - Faceoff Wins : 19 - Blocked Shots : 15 - Penalty Minutes : 2
Official
Referees : Ian Walsh and Tim Peel
Linesman : Jonny Murray and Steve Miller
Game Notes
Brandon Hagel is injured at 12:00 of 3rd period (Back)
Dougie Hamilton has scored in a empty net!
Finance
Level 1 -- Attendance: 4376 (72.93%) -- Ticket Income $437,600
Level 2 -- Attendance: 3502 (70.04%) -- Ticket Income $210,120
Level 3 -- Attendance: 2130 (71.00%) -- Ticket Income $74,550
Level 4 -- Attendance: 3334 (66.68%) -- Ticket Income $83,350
Luxury Box -- Attendance: 807 (80.70%) -- Ticket Income $161,400
Game was played at the TD Garden.
Total Attendance: 14149 (70.75%)
Total Ticket Income: $967,020
Other Income: $338,457
Total Income: $1,305,477
Toronto Maple Leafs
5 vs 5 Forward
Center Left Wing Right Wing Time % Phy DF OF
1 Sam Bennett Brady Tkachuk Brandon Saad 30 1 2 2
2 Scott Laughton Trevor Zegras Troy Terry 30 1 2 2
3 Nicolas Roy Andrew Mangiapane Nino Niederreiter 25 1 2 2
4 Nick Bjugstad Warren Foegele Kyle Okposo 15 1 2 2
5 vs 5 Defense
Defense Defense Time % Phy DF OF
1 Aaron Ekblad Cody Ceci 30 1 2 2
2 Dougie Hamilton Ryan Pulock 30 1 2 2
3 Mario Ferraro Jonas Siegenthaler 25 1 2 2
4 Dougie Hamilton Ryan Pulock 15 1 2 2
PowerPlay Forward
Center Left Wing Right Wing Time % Phy DF OF
1 Sam Bennett Brady Tkachuk Troy Terry 50 1 2 2
2 Scott Laughton Trevor Zegras Brandon Saad 50 1 2 2
PowerPlay Defense
Defense Defense Time % Phy DF OF
1 Aaron Ekblad Dougie Hamilton 50 1 2 2
2 Cody Ceci Ryan Pulock 50 1 2 2
Penalty Kill 4 Players Forward
Center Wing Time % Phy DF OF
1 Nick Bjugstad Nicolas Roy 50 1 2 2
2 Scott Laughton Kyle Okposo 50 1 2 2
Penalty Kill 4 Players Defense
Defense Defense Time % Phy DF OF
1 Aaron Ekblad Cody Ceci 50 1 2 2
2 Mario Ferraro Ryan Pulock 50 1 2 2
Penalty Kill - 3 Players Forward
Forward Time % Phy DF OF
1 Nick Bjugstad 50 1 2 2
2 Scott Laughton 50 1 2 2
Penalty Kill - 3 Players Defense
Defense Defense Time % Phy DF OF
1 Aaron Ekblad Cody Ceci 50 1 2 2
2 Mario Ferraro Ryan Pulock 50 1 2 2
4 vs 4 Forward
Center Wing Time % Phy DF OF
1 Scott Laughton Troy Terry 50 1 2 2
2 Nicolas Roy Trevor Zegras 50 1 2 2
4 vs 4 Defense
Defense Defense Time % Phy DF OF
1 Dougie Hamilton Ryan Pulock 50 1 2 2
2 Aaron Ekblad Cody Ceci 50 1 2 2
Last Minutes Offensive
Center Left Wing Right Wing Defense Defense
Sam Bennett Brady Tkachuk Troy Terry Aaron Ekblad Dougie Hamilton
Last Minutes Defensive
Center Left Wing Right Wing Defense Defense
Nick Bjugstad Scott Laughton Nicolas Roy Aaron Ekblad Cody Ceci
Goaltenders
Starting : Frederik Andersen
Backup : Cam Talbot
Extra Forwards
Normal : Andrew Mangiapane, Nicolas Roy, Nino Niederreiter - PP : Andrew Mangiapane, Nicolas Roy - PK : Nino Niederreiter
Extra Defensemen
Normal : Mario Ferraro, Jonas Siegenthaler, Dougie Hamilton - PP : Mario Ferraro - PK : Jonas Siegenthaler, Dougie Hamilton
Penalty Shots
Trevor Zegras, Dougie Hamilton, Kyle Okposo, Nick Bjugstad, Nicolas Roy
Boston Bruins
5 vs 5 Forward
Center Left Wing Right Wing Time % Phy DF OF
1 Ryan Donato Brandon Hagel Phil Kessel 30 1 2 2
2 Joe Veleno Anthony Beauvillier Joel Farabee 30 1 2 2
3 Dylan Gambrell John-Jason Peterka Nicholas Merkley 25 1 2 2
4 Austin Wagner Joonas Donskoi Mathieu Olivier 15 1 2 2
5 vs 5 Defense
Defense Defense Time % Phy DF OF
1 Charlie McAvoy Tyson Barrie 35 1 2 2
2 Sean Durzi Samuel Girard 35 1 2 2
3 Matt Grzelcyk Victor Mete 30 1 2 2
4 Charlie McAvoy Tyson Barrie 0 1 2 2
PowerPlay Forward
Center Left Wing Right Wing Time % Phy DF OF
1 Ryan Donato Brandon Hagel Phil Kessel 50 1 2 2
2 Joe Veleno Anthony Beauvillier Joel Farabee 50 1 2 2
PowerPlay Defense
Defense Defense Time % Phy DF OF
1 Charlie McAvoy Tyson Barrie 50 1 2 2
2 Sean Durzi Samuel Girard 50 1 2 2
Penalty Kill 4 Players Forward
Center Wing Time % Phy DF OF
1 Brandon Hagel Phil Kessel 50 1 2 2
2 Anthony Beauvillier Joel Farabee 50 1 2 2
Penalty Kill 4 Players Defense
Defense Defense Time % Phy DF OF
1 Charlie McAvoy Tyson Barrie 50 1 2 2
2 Sean Durzi Samuel Girard 50 1 2 2
Penalty Kill - 3 Players Forward
Forward Time % Phy DF OF
1 Brandon Hagel 50 1 2 2
2 Phil Kessel 50 1 2 2
Penalty Kill - 3 Players Defense
Defense Defense Time % Phy DF OF
1 Charlie McAvoy Tyson Barrie 50 1 2 2
2 Sean Durzi Samuel Girard 50 1 2 2
4 vs 4 Forward
Center Wing Time % Phy DF OF
1 Brandon Hagel Phil Kessel 50 1 2 2
2 Anthony Beauvillier Joel Farabee 50 1 2 2
4 vs 4 Defense
Defense Defense Time % Phy DF OF
1 Charlie McAvoy Tyson Barrie 50 1 2 2
2 Sean Durzi Samuel Girard 50 1 2 2
Last Minutes Offensive
Center Left Wing Right Wing Defense Defense
Ryan Donato Brandon Hagel Phil Kessel Charlie McAvoy Tyson Barrie
Last Minutes Defensive
Center Left Wing Right Wing Defense Defense
Ryan Donato Brandon Hagel Phil Kessel Charlie McAvoy Tyson Barrie
Goaltenders
Starting : Pyotr Kochetkov
Backup : Kyle Keyser
Extra Forwards
Normal : Austin Wagner, John-Jason Peterka, Nicholas Merkley - PP : Austin Wagner, John-Jason Peterka - PK : Nicholas Merkley
Extra Defensemen
Normal : Matt Grzelcyk, Victor Mete, Sean Durzi - PP : Matt Grzelcyk - PK : Victor Mete, Sean Durzi
Penalty Shots
Brandon Hagel, Phil Kessel, Anthony Beauvillier, Joel Farabee, Ryan Donato
% Time on Ice - Toronto Maple Leafs
Lines # - Real PCT - Wanted PCT - Time Play
Normal Forward
1 - 26% - 30% - 14:35
2 - 30% - 30% - 17:03
3 - 26% - 25% - 14:27
4 - 18% - 15% - 9:51
Normal Defense
1 - 31% - 30% - 17:36
2 - 27% - 30% - 15:21
3 - 29% - 25% - 16:11
4 - 12% - 15% - 6:48
PP Forward
1 - 18% - 50% - 0:21
2 - 82% - 50% - 1:38
PP Defense
1 - 73% - 50% - 1:27
2 - 27% - 50% - 0:32
PK Forward
1 - 49% - 50% - 0:58
2 - 51% - 50% - 1:01
PK Defense
1 - 39% - 50% - 0:46
2 - 61% - 50% - 1:13
PK3 Forward
1 - 0% - 50%
2 - 0% - 50%
PK3 Defense
1 - 0% - 50%
2 - 0% - 50%
44 Forward
1 - 0% - 50%
2 - 0% - 50%
44 Defense
1 - 0% - 50%
2 - 0% - 50%
Last Minute Offensive - 0:00
Last Minute Defensive - 0:06
Total
Forward - 60:00
Defense - 60:00
|
% Time on Ice - Boston Bruins
Lines # - Real PCT - Wanted PCT - Time Play
Normal Forward
1 - 29% - 30% - 16:15
2 - 27% - 30% - 15:09
3 - 24% - 25% - 13:37
4 - 19% - 15% - 10:54
Normal Defense
1 - 35% - 35% - 19:18
2 - 35% - 35% - 19:23
3 - 30% - 30% - 16:44
4 - 1% - 0% - 0:30
PP Forward
1 - 50% - 50% - 1:00
2 - 50% - 50% - 0:59
PP Defense
1 - 37% - 50% - 0:44
2 - 63% - 50% - 1:15
PK Forward
1 - 47% - 50% - 0:56
2 - 53% - 50% - 1:03
PK Defense
1 - 38% - 50% - 0:45
2 - 62% - 50% - 1:14
PK3 Forward
1 - 0% - 50%
2 - 0% - 50%
PK3 Defense
1 - 0% - 50%
2 - 0% - 50%
44 Forward
1 - 0% - 50%
2 - 0% - 50%
44 Defense
1 - 0% - 50%
2 - 0% - 50%
Last Minute Offensive - 0:07
Last Minute Defensive - 0:00
Total
Forward - 60:00
Defense - 60:00
|
Play-by-Play
1st period
0:01 of 1st period - Sam Bennett wins face-off versus Ryan Donato in neutral zone.
0:26 of 1st period - Tyson Barrie is hit by Scott Laughton and loses puck.
0:35 of 1st period - Slapshot by Troy Terry.
0:35 of 1st period - Stopped by Pyotr Kochetkov with a rebound.
0:37 of 1st period - Slapshot by Ryan Pulock.
0:37 of 1st period - Shot Misses the Net.
0:49 of 1st period - Slapshot by Charlie McAvoy.
0:49 of 1st period - Shot Blocked by Nino Niederreiter.
0:52 of 1st period - Icing by Ryan Pulock.
0:53 of 1st period - Nicolas Roy wins face-off versus Austin Wagner in Toronto Maple Leafs zone.
1:13 of 1st period - Snap shot by Nino Niederreiter.
1:13 of 1st period - Stopped by Pyotr Kochetkov with a rebound.
1:17 of 1st period - Wrist shot by Nino Niederreiter.
1:17 of 1st period - Stopped by Pyotr Kochetkov with a rebound.
1:19 of 1st period - Slapshot by Nicolas Roy.
1:19 of 1st period - Stopped by Pyotr Kochetkov with a rebound.
1:21 of 1st period - Snap shot by Andrew Mangiapane.
1:21 of 1st period - Shot Blocked by Samuel Girard.
1:42 of 1st period - Wrist shot by Nino Niederreiter.
1:42 of 1st period - Stopped by Pyotr Kochetkov with a rebound.
1:44 of 1st period - Slapshot by Dougie Hamilton.
1:44 of 1st period - Deflect By Sean Durzi.
1:44 of 1st period - Stopped by Pyotr Kochetkov with a rebound.
2:12 of 1st period - Snap shot by Nino Niederreiter.
2:12 of 1st period - Shot Misses the Net.
2:14 of 1st period - Wrist shot by Nino Niederreiter.
2:14 of 1st period - Deflect By Sean Durzi.
2:14 of 1st period - Stopped by Pyotr Kochetkov with a rebound.
2:16 of 1st period - Slapshot by Nicolas Roy.
2:16 of 1st period - Shot Misses the Net.
2:24 of 1st period - Snap shot by Andrew Mangiapane.
2:24 of 1st period - Shot Misses the Net.
2:26 of 1st period - Slapshot by Dougie Hamilton.
2:26 of 1st period - Shot Blocked by Joonas Donskoi.
2:28 of 1st period - Slapshot by Dougie Hamilton.
2:28 of 1st period - Shot Misses the Net.
2:30 of 1st period - Slapshot by Dougie Hamilton.
2:30 of 1st period - Shot Blocked by Samuel Girard.
2:32 of 1st period - Backhand shot by Nicolas Roy.
2:32 of 1st period - Shot Misses the Net.
2:34 of 1st period - Snap shot by Nicolas Roy.
2:34 of 1st period - Goal by Nicolas Roy - Toronto Maple Leafs : 1 - Boston Bruins : 0.
2:35 of 1st period - Dylan Gambrell wins face-off versus Scott Laughton in neutral zone.
2:50 of 1st period - Snap shot by Trevor Zegras.
2:50 of 1st period - Shot Misses the Net.
2:52 of 1st period - Slapshot by Mario Ferraro.
2:52 of 1st period - Stopped by Pyotr Kochetkov without a rebound.
2:53 of 1st period - Ryan Donato wins face-off versus Sam Bennett in Boston Bruins zone.
2:55 of 1st period - Icing by Brandon Hagel.
2:56 of 1st period - Sam Bennett wins face-off versus Ryan Donato in Boston Bruins zone.
3:21 of 1st period - Wrist shot by Ryan Donato.
3:21 of 1st period - Shot Misses the Net.
3:23 of 1st period - Slapshot by Matt Grzelcyk.
3:23 of 1st period - Stopped by Frederik Andersen with a rebound.
3:25 of 1st period - Slapshot by Victor Mete.
3:25 of 1st period - Deflect By Brandon Saad.
3:25 of 1st period - Stopped by Frederik Andersen with a rebound.
3:27 of 1st period - Wrist shot by Brandon Hagel.
3:27 of 1st period - Shot Blocked by Aaron Ekblad.
3:29 of 1st period - Snap shot by Victor Mete.
3:29 of 1st period - Shot Misses the Net.
3:31 of 1st period - Slapshot by Victor Mete.
3:31 of 1st period - Deflect By Aaron Ekblad.
3:31 of 1st period - Stopped by Frederik Andersen with a rebound.
4:36 of 1st period - Wrist shot by Brandon Hagel.
4:36 of 1st period - Stopped by Frederik Andersen with a rebound.
4:38 of 1st period - Wrist shot by Phil Kessel.
4:38 of 1st period - Shot Misses the Net.
4:40 of 1st period - Wrist shot by Matt Grzelcyk.
4:40 of 1st period - Deflect By Brandon Hagel.
4:40 of 1st period - Shot Misses the Net.
4:40 of 1st period - Puck is out of play.
4:41 of 1st period - Scott Laughton wins face-off versus Joel Farabee in Toronto Maple Leafs zone.
4:41 of 1st period - Scott Laughton is hit by Charlie McAvoy.
5:08 of 1st period - Scott Laughton is hit by Charlie McAvoy and loses puck.
5:33 of 1st period - Snap shot by Nick Bjugstad.
5:33 of 1st period - Stopped by Pyotr Kochetkov without a rebound.
5:34 of 1st period - Joe Veleno wins face-off versus Nick Bjugstad in Boston Bruins zone.
5:34 of 1st period - Joe Veleno is hit by Nick Bjugstad.
5:40 of 1st period - Snap shot by Kyle Okposo.
5:40 of 1st period - Shot Blocked by Joe Veleno.
5:42 of 1st period - Slapshot by Ryan Pulock.
5:42 of 1st period - Deflect By Warren Foegele.
5:42 of 1st period - Shot Misses the Net.
5:42 of 1st period - Puck is out of play.
5:43 of 1st period - Nick Bjugstad wins face-off versus Joe Veleno in Boston Bruins zone.
5:56 of 1st period - Ryan Pulock is hit by Joe Veleno and loses puck.
6:00 of 1st period - Icing by Ryan Pulock.
6:01 of 1st period - Dylan Gambrell wins face-off versus Nick Bjugstad in Toronto Maple Leafs zone.
6:28 of 1st period - Slapshot by Nick Bjugstad.
6:28 of 1st period - Shot Misses the Net.
6:30 of 1st period - Wrist shot by Nick Bjugstad.
6:30 of 1st period - Stopped by Pyotr Kochetkov with a rebound.
6:32 of 1st period - Snap shot by Nick Bjugstad.
6:32 of 1st period - Stopped by Pyotr Kochetkov with a rebound.
6:34 of 1st period - Wrist shot by Warren Foegele.
6:34 of 1st period - Shot Misses the Net.
7:08 of 1st period - Snap shot by Ryan Donato.
7:08 of 1st period - Shot Blocked by Dougie Hamilton.
7:10 of 1st period - Wrist shot by Brandon Hagel.
7:10 of 1st period - Stopped by Frederik Andersen with a rebound.
7:12 of 1st period - Slapshot by Brandon Hagel.
7:12 of 1st period - Shot Blocked by Sam Bennett.
7:14 of 1st period - Slapshot by Victor Mete.
7:14 of 1st period - Stopped by Frederik Andersen with a rebound.
7:16 of 1st period - Snap shot by Phil Kessel.
7:16 of 1st period - Shot Blocked by Dougie Hamilton.
7:18 of 1st period - Snap shot by Brandon Hagel.
7:18 of 1st period - Shot Misses the Net.
7:58 of 1st period - Snap shot by Trevor Zegras.
7:58 of 1st period - Deflect By Troy Terry.
7:58 of 1st period - Goal by Troy Terry - Toronto Maple Leafs : 2 - Boston Bruins : 0.
7:59 of 1st period - Scott Laughton wins face-off versus Joe Veleno in neutral zone.
8:12 of 1st period - Wrist shot by Joel Farabee.
8:12 of 1st period - Shot Blocked by Troy Terry.
8:14 of 1st period - Wrist shot by Joel Farabee.
8:14 of 1st period - Shot Misses the Net.
8:24 of 1st period - Sean Durzi is hit by Mario Ferraro and loses puck.
8:47 of 1st period - Slapshot by Phil Kessel.
8:47 of 1st period - Deflect By Brandon Hagel.
8:47 of 1st period - Shot Misses the Net.
8:47 of 1st period - Puck is out of play.
8:48 of 1st period - Joe Veleno wins face-off versus Nick Bjugstad in Toronto Maple Leafs zone.
8:59 of 1st period - Snap shot by Joel Farabee.
8:59 of 1st period - Shot Misses the Net.
9:01 of 1st period - Snap shot by Anthony Beauvillier.
9:01 of 1st period - Stopped by Frederik Andersen with a rebound.
9:03 of 1st period - Slapshot by Anthony Beauvillier.
9:03 of 1st period - Shot Misses the Net.
9:13 of 1st period - Warren Foegele is hit by Ryan Donato and loses puck.
9:31 of 1st period - Ryan Donato is hit by Mario Ferraro and loses puck.
9:54 of 1st period - Snap shot by Warren Foegele.
9:54 of 1st period - Stopped by Pyotr Kochetkov with a rebound.
9:56 of 1st period - Slapshot by Kyle Okposo.
9:56 of 1st period - Shot Misses the Net.
10:12 of 1st period - Snap shot by Kyle Okposo.
10:12 of 1st period - Shot Misses the Net.
11:23 of 1st period - Wrist shot by Warren Foegele.
11:23 of 1st period - Stopped by Pyotr Kochetkov without a rebound.
11:24 of 1st period - Scott Laughton wins face-off versus Joe Veleno in Boston Bruins zone.
12:03 of 1st period - Slapshot by Nino Niederreiter.
12:03 of 1st period - Shot Blocked by Victor Mete.
12:31 of 1st period - Wrist shot by Anthony Beauvillier.
12:31 of 1st period - Stopped by Frederik Andersen without a rebound.
12:32 of 1st period - Trevor Zegras wins face-off versus Dylan Gambrell in Toronto Maple Leafs zone.
12:47 of 1st period - Snap shot by Troy Terry.
12:47 of 1st period - Shot Blocked by Samuel Girard.
12:59 of 1st period - Cody Ceci is hit by Sean Durzi and loses puck.
13:06 of 1st period - Wrist shot by Mathieu Olivier.
13:06 of 1st period - Stopped by Frederik Andersen with a rebound.
13:42 of 1st period - Austin Wagner is hit by Nino Niederreiter and loses puck.
14:28 of 1st period - Samuel Girard is hit by Scott Laughton and loses puck.
14:43 of 1st period - Joonas Donskoi is hit by Sam Bennett and loses puck.
15:52 of 1st period - Nino Niederreiter is hit by Ryan Donato and loses puck.
16:41 of 1st period - Nicolas Roy is hit by Tyson Barrie and loses puck.
18:30 of 1st period - Victor Mete is hit by Kyle Okposo and loses puck.
19:05 of 1st period - Scott Laughton is hit by Anthony Beauvillier and loses puck.
19:56 of 1st period - Slapshot by Samuel Girard.
19:56 of 1st period - Shot Blocked by Mario Ferraro.
Goals for this period are 2 for Toronto Maple Leafs vs 0 for Boston Bruins.
Shots for this period are 15 for Toronto Maple Leafs vs 9 for Boston Bruins.
2nd period
0:01 of 2nd period - Scott Laughton wins face-off versus Dylan Gambrell in neutral zone.
0:05 of 2nd period - Off-side.
0:06 of 2nd period - Dylan Gambrell wins face-off versus Scott Laughton in neutral zone.
0:19 of 2nd period - Wrist shot by Trevor Zegras.
0:19 of 2nd period - Shot Blocked by Samuel Girard.
0:35 of 2nd period - Wrist shot by Sam Bennett.
0:35 of 2nd period - Shot Blocked by Joel Farabee.
0:37 of 2nd period - Snap shot by Sam Bennett.
0:37 of 2nd period - Stopped by Pyotr Kochetkov with a rebound.
1:01 of 2nd period - Snap shot by Nicolas Roy.
1:01 of 2nd period - Stopped by Pyotr Kochetkov with a rebound.
1:37 of 2nd period - Snap shot by Trevor Zegras.
1:37 of 2nd period - Shot Blocked by Tyson Barrie.
2:29 of 2nd period - Andrew Mangiapane is hit by Victor Mete and loses puck.
3:54 of 2nd period - Snap shot by Joel Farabee.
3:54 of 2nd period - Shot Blocked by Dougie Hamilton.
3:56 of 2nd period - Backhand shot by Charlie McAvoy.
3:56 of 2nd period - Shot Misses the Net.
3:58 of 2nd period - Snap shot by Joe Veleno.
3:58 of 2nd period - Stopped by Frederik Andersen with a rebound.
4:00 of 2nd period - Slapshot by Anthony Beauvillier.
4:00 of 2nd period - Stopped by Frederik Andersen with a rebound.
4:02 of 2nd period - Slapshot by Joe Veleno.
4:02 of 2nd period - Stopped by Frederik Andersen without a rebound.
4:03 of 2nd period - Dylan Gambrell wins face-off versus Sam Bennett in Toronto Maple Leafs zone.
4:41 of 2nd period - Wrist shot by Nino Niederreiter.
4:41 of 2nd period - Deflect By Andrew Mangiapane.
4:41 of 2nd period - Stopped by Pyotr Kochetkov with a rebound.
4:59 of 2nd period - Snap shot by Trevor Zegras.
4:59 of 2nd period - Shot Hit the Post.
5:39 of 2nd period - Snap shot by Andrew Mangiapane.
5:39 of 2nd period - Deflect By Mathieu Olivier.
5:39 of 2nd period - Stopped by Pyotr Kochetkov without a rebound.
5:40 of 2nd period - Nicolas Roy wins face-off versus Joe Veleno in Boston Bruins zone.
5:43 of 2nd period - Wrist shot by Andrew Mangiapane.
5:43 of 2nd period - Shot Blocked by Joel Farabee.
5:53 of 2nd period - Wrist shot by Joel Farabee.
5:53 of 2nd period - Stopped by Frederik Andersen with a rebound.
5:55 of 2nd period - Wrist shot by Joe Veleno.
5:55 of 2nd period - Shot Blocked by Aaron Ekblad.
6:05 of 2nd period - Tyson Barrie is hit by Sam Bennett and loses puck.
6:30 of 2nd period - Ryan Donato is hit by Trevor Zegras and loses puck.
7:06 of 2nd period - Mario Ferraro is hit by Charlie McAvoy and loses puck.
7:35 of 2nd period - Snap shot by Brandon Hagel.
7:35 of 2nd period - Shot Misses the Net.
7:51 of 2nd period - Minor Penalty to Matt Grzelcyk for Holding.
7:52 of 2nd period - Brandon Hagel wins face-off versus Sam Bennett in Boston Bruins zone.
8:09 of 2nd period - Slapshot by Dougie Hamilton.
8:09 of 2nd period - Shot Blocked by Tyson Barrie.
8:21 of 2nd period - Wrist shot by Scott Laughton.
8:21 of 2nd period - Stopped by Pyotr Kochetkov without a rebound.
8:22 of 2nd period - Scott Laughton wins face-off versus Anthony Beauvillier in Boston Bruins zone.
8:27 of 2nd period - Snap shot by Trevor Zegras.
8:27 of 2nd period - Shot Blocked by Sean Durzi.
8:29 of 2nd period - Slapshot by Cody Ceci.
8:29 of 2nd period - Stopped by Pyotr Kochetkov with a rebound.
8:31 of 2nd period - Wrist shot by Cody Ceci.
8:31 of 2nd period - Stopped by Pyotr Kochetkov without a rebound.
8:32 of 2nd period - Anthony Beauvillier wins face-off versus Scott Laughton in Boston Bruins zone.
8:32 of 2nd period - Anthony Beauvillier is hit by Ryan Pulock.
8:38 of 2nd period - Backhand shot by Scott Laughton.
8:38 of 2nd period - Shot Misses the Net.
8:40 of 2nd period - Snap shot by Trevor Zegras.
8:40 of 2nd period - Stopped by Pyotr Kochetkov without a rebound.
8:41 of 2nd period - Scott Laughton wins face-off versus Anthony Beauvillier in Boston Bruins zone.
9:51 of 2nd period - Penalty to Matt Grzelcyk is over, Matt Grzelcyk is back on ice.
9:52 of 2nd period - Snap shot by Brandon Saad.
9:52 of 2nd period - Deflect By Trevor Zegras.
9:52 of 2nd period - Shot Blocked by Charlie McAvoy.
9:52 of 2nd period - Puck is out of play.
9:53 of 2nd period - Nicolas Roy wins face-off versus Dylan Gambrell in Boston Bruins zone.
10:08 of 2nd period - Slapshot by Andrew Mangiapane.
10:08 of 2nd period - Stopped by Pyotr Kochetkov with a rebound.
10:23 of 2nd period - Tyson Barrie is hit by Kyle Okposo.
10:27 of 2nd period - Tyson Barrie is hit by Warren Foegele and loses puck.
11:36 of 2nd period - Backhand shot by Joonas Donskoi.
11:36 of 2nd period - Stopped by Frederik Andersen with a rebound.
12:28 of 2nd period - Wrist shot by Troy Terry.
12:28 of 2nd period - Shot Blocked by John-Jason Peterka.
12:30 of 2nd period - Slapshot by Dougie Hamilton.
12:30 of 2nd period - Shot Misses the Net.
12:32 of 2nd period - Slapshot by Dougie Hamilton.
12:32 of 2nd period - Goal by Dougie Hamilton - Toronto Maple Leafs : 3 - Boston Bruins : 0.
12:33 of 2nd period - Scott Laughton wins face-off versus Joe Veleno in neutral zone.
12:46 of 2nd period - Wrist shot by Joel Farabee.
12:46 of 2nd period - Shot Misses the Net.
13:10 of 2nd period - Slapshot by Brady Tkachuk.
13:10 of 2nd period - Deflect By Sam Bennett.
13:10 of 2nd period - Shot Misses the Net.
13:10 of 2nd period - Puck is out of play.
13:11 of 2nd period - Ryan Donato wins face-off versus Scott Laughton in Boston Bruins zone.
13:11 of 2nd period - Ryan Donato is hit by Scott Laughton.
13:21 of 2nd period - Snap shot by Trevor Zegras.
13:21 of 2nd period - Stopped by Pyotr Kochetkov without a rebound.
13:22 of 2nd period - Brady Tkachuk wins face-off versus Joe Veleno in Boston Bruins zone.
13:23 of 2nd period - Wrist shot by Sam Bennett.
13:23 of 2nd period - Stopped by Pyotr Kochetkov with a rebound.
13:31 of 2nd period - Snap shot by Anthony Beauvillier.
13:31 of 2nd period - Deflect By Joel Farabee.
13:31 of 2nd period - Shot Misses the Net.
13:31 of 2nd period - Puck is out of play.
13:32 of 2nd period - Sam Bennett wins face-off versus Joe Veleno in Toronto Maple Leafs zone.
13:39 of 2nd period - Wrist shot by Joel Farabee.
13:39 of 2nd period - Goal by Joel Farabee - Toronto Maple Leafs : 3 - Boston Bruins : 1.
13:40 of 2nd period - Joe Veleno wins face-off versus Scott Laughton in neutral zone.
13:43 of 2nd period - Slapshot by Charlie McAvoy.
13:43 of 2nd period - Deflect By Anthony Beauvillier.
13:43 of 2nd period - Stopped by Frederik Andersen with a rebound.
13:47 of 2nd period - Slapshot by Anthony Beauvillier.
13:47 of 2nd period - Shot Blocked by Dougie Hamilton.
13:49 of 2nd period - Snap shot by Charlie McAvoy.
13:49 of 2nd period - Shot Blocked by Ryan Pulock.
13:51 of 2nd period - Snap shot by Joe Veleno.
13:51 of 2nd period - Deflect By Anthony Beauvillier.
13:51 of 2nd period - Shot Misses the Net.
13:51 of 2nd period - Puck is out of play.
13:52 of 2nd period - Dylan Gambrell wins face-off versus Sam Bennett in Toronto Maple Leafs zone.
14:02 of 2nd period - Wrist shot by John-Jason Peterka.
14:02 of 2nd period - Stopped by Frederik Andersen without a rebound.
14:03 of 2nd period - Scott Laughton wins face-off versus Joe Veleno in Toronto Maple Leafs zone.
14:19 of 2nd period - Snap shot by Joel Farabee.
14:19 of 2nd period - Stopped by Frederik Andersen with a rebound.
14:41 of 2nd period - Slapshot by Joel Farabee.
14:41 of 2nd period - Stopped by Frederik Andersen without a rebound.
14:42 of 2nd period - Sam Bennett wins face-off versus Ryan Donato in Toronto Maple Leafs zone.
15:07 of 2nd period - Troy Terry is hit by Dylan Gambrell and loses puck.
15:30 of 2nd period - Slapshot by Trevor Zegras.
15:30 of 2nd period - Deflect By Nicolas Roy.
15:30 of 2nd period - Stopped by Pyotr Kochetkov without a rebound.
15:31 of 2nd period - Austin Wagner wins face-off versus Nicolas Roy in Boston Bruins zone.
15:31 of 2nd period - Austin Wagner is hit by Dougie Hamilton.
15:57 of 2nd period - Tyson Barrie is hit by Troy Terry and loses puck.
16:18 of 2nd period - Slapshot by Tyson Barrie.
16:18 of 2nd period - Stopped by Frederik Andersen with a rebound.
16:20 of 2nd period - Slapshot by Tyson Barrie.
16:20 of 2nd period - Stopped by Frederik Andersen with a rebound.
16:26 of 2nd period - Slapshot by Tyson Barrie.
16:26 of 2nd period - Stopped by Frederik Andersen with a rebound.
16:28 of 2nd period - Slapshot by Charlie McAvoy.
16:28 of 2nd period - Stopped by Frederik Andersen with a rebound.
16:51 of 2nd period - Minor Penalty to Mario Ferraro for Hooking.
16:52 of 2nd period - Nick Bjugstad wins face-off versus Ryan Donato in Toronto Maple Leafs zone.
17:25 of 2nd period - Nicolas Roy is hit by Joel Farabee and loses puck.
17:47 of 2nd period - Scott Laughton is hit by Ryan Donato and loses puck.
18:51 of 2nd period - Penalty to Mario Ferraro is over, Mario Ferraro is back on ice.
18:56 of 2nd period - Ryan Pulock is hit by Dylan Gambrell and loses puck.
19:43 of 2nd period - Trevor Zegras is hit by Austin Wagner.
Goals for this period are 1 for Toronto Maple Leafs vs 1 for Boston Bruins.
Shots for this period are 13 for Toronto Maple Leafs vs 14 for Boston Bruins.
3rd period
0:01 of 3rd period - Sam Bennett wins face-off versus Ryan Donato in neutral zone.
0:28 of 3rd period - Snap shot by Trevor Zegras.
0:28 of 3rd period - Shot Misses the Net.
0:40 of 3rd period - Snap shot by Phil Kessel.
0:40 of 3rd period - Shot Misses the Net.
0:42 of 3rd period - Snap shot by Samuel Girard.
0:42 of 3rd period - Shot Blocked by Ryan Pulock.
0:44 of 3rd period - Slapshot by Sean Durzi.
0:44 of 3rd period - Stopped by Frederik Andersen with a rebound.
0:56 of 3rd period - Snap shot by Andrew Mangiapane.
0:56 of 3rd period - Stopped by Pyotr Kochetkov with a rebound.
1:08 of 3rd period - Wrist shot by Ryan Donato.
1:08 of 3rd period - Stopped by Frederik Andersen with a rebound.
1:40 of 3rd period - Ryan Pulock is hit by Sean Durzi and loses puck.
1:55 of 3rd period - Wrist shot by Nicolas Roy.
1:55 of 3rd period - Shot Misses the Net.
2:05 of 3rd period - Snap shot by Brandon Hagel.
2:05 of 3rd period - Deflect By Phil Kessel.
2:05 of 3rd period - Goal by Phil Kessel - Toronto Maple Leafs : 3 - Boston Bruins : 2.
2:06 of 3rd period - Joe Veleno wins face-off versus Sam Bennett in neutral zone.
2:13 of 3rd period - Backhand shot by Joel Farabee.
2:13 of 3rd period - Stopped by Frederik Andersen with a rebound.
2:15 of 3rd period - Wrist shot by Joe Veleno.
2:15 of 3rd period - Stopped by Frederik Andersen with a rebound.
2:17 of 3rd period - Slapshot by Anthony Beauvillier.
2:17 of 3rd period - Stopped by Frederik Andersen without a rebound.
2:18 of 3rd period - Joe Veleno wins face-off versus Brandon Saad in Toronto Maple Leafs zone.
2:31 of 3rd period - Snap shot by Joel Farabee.
2:31 of 3rd period - Shot Blocked by Brandon Saad.
2:43 of 3rd period - Dylan Gambrell is hit by Cody Ceci and loses puck.
3:05 of 3rd period - Off-side.
3:06 of 3rd period - Austin Wagner wins face-off versus Nick Bjugstad in neutral zone.
3:11 of 3rd period - Cody Ceci is hit by Joonas Donskoi and loses puck.
3:24 of 3rd period - Tyson Barrie is hit by Warren Foegele and loses puck.
3:33 of 3rd period - Snap shot by Warren Foegele.
3:33 of 3rd period - Stopped by Pyotr Kochetkov without a rebound.
3:34 of 3rd period - Joe Veleno wins face-off versus Sam Bennett in Boston Bruins zone.
3:43 of 3rd period - Slapshot by Anthony Beauvillier.
3:43 of 3rd period - Shot Misses the Net.
4:13 of 3rd period - Snap shot by Nicholas Merkley.
4:13 of 3rd period - Shot Misses the Net.
4:58 of 3rd period - Wrist shot by Phil Kessel.
4:58 of 3rd period - Shot Misses the Net.
5:00 of 3rd period - Slapshot by Sean Durzi.
5:00 of 3rd period - Stopped by Frederik Andersen with a rebound.
5:28 of 3rd period - Snap shot by Andrew Mangiapane.
5:28 of 3rd period - Stopped by Pyotr Kochetkov with a rebound.
5:30 of 3rd period - Slapshot by Mario Ferraro.
5:30 of 3rd period - Shot Misses the Net.
5:32 of 3rd period - Snap shot by Nino Niederreiter.
5:32 of 3rd period - Stopped by Pyotr Kochetkov with a rebound.
5:34 of 3rd period - Slapshot by Andrew Mangiapane.
5:34 of 3rd period - Stopped by Pyotr Kochetkov with a rebound.
5:36 of 3rd period - Slapshot by Jonas Siegenthaler.
5:36 of 3rd period - Shot Misses the Net.
5:38 of 3rd period - Slapshot by Mario Ferraro.
5:38 of 3rd period - Stopped by Pyotr Kochetkov with a rebound.
5:40 of 3rd period - Snap shot by Nino Niederreiter.
5:40 of 3rd period - Stopped by Pyotr Kochetkov with a rebound.
5:42 of 3rd period - Slapshot by Andrew Mangiapane.
5:42 of 3rd period - Stopped by Pyotr Kochetkov with a rebound.
5:44 of 3rd period - Wrist shot by Jonas Siegenthaler.
5:44 of 3rd period - Shot Misses the Net.
5:46 of 3rd period - Wrist shot by Andrew Mangiapane.
5:46 of 3rd period - Shot Misses the Net.
5:48 of 3rd period - Wrist shot by Jonas Siegenthaler.
5:48 of 3rd period - Stopped by Pyotr Kochetkov without a rebound.
5:49 of 3rd period - Sam Bennett wins face-off versus Joe Veleno in Boston Bruins zone.
6:16 of 3rd period - Ryan Pulock is hit by Charlie McAvoy and loses puck.
6:39 of 3rd period - Samuel Girard is hit by Kyle Okposo and loses puck.
7:49 of 3rd period - Snap shot by Brady Tkachuk.
7:49 of 3rd period - Shot Misses the Net.
8:15 of 3rd period - Nicholas Merkley is hit by Brady Tkachuk and loses puck.
8:42 of 3rd period - Off-side.
8:43 of 3rd period - Nicolas Roy wins face-off versus Austin Wagner in neutral zone.
9:40 of 3rd period - Troy Terry is hit by Joe Veleno and loses puck.
10:36 of 3rd period - Dougie Hamilton is hit by Matt Grzelcyk.
10:58 of 3rd period - Brandon Saad is hit by Samuel Girard.
11:37 of 3rd period - Joe Veleno is hit by Nino Niederreiter and loses puck.
11:58 of 3rd period - Wrist shot by Brady Tkachuk.
11:58 of 3rd period - Stopped by Pyotr Kochetkov with a rebound.
12:00 of 3rd period - Wrist shot by Ryan Pulock.
12:00 of 3rd period - Shot Blocked by Brandon Hagel.
12:00 of 3rd period - Brandon Hagel from Boston Bruins is injured at 12:00 of 3rd period (Back).
12:01 of 3rd period - Joe Veleno wins face-off versus Sam Bennett in Boston Bruins zone.
12:01 of 3rd period - Joe Veleno is hit by Brady Tkachuk.
12:58 of 3rd period - Wrist shot by Tyson Barrie.
12:58 of 3rd period - Deflect By John-Jason Peterka.
12:58 of 3rd period - Stopped by Frederik Andersen with a rebound.
13:00 of 3rd period - Slapshot by Tyson Barrie.
13:00 of 3rd period - Stopped by Frederik Andersen without a rebound.
13:01 of 3rd period - Joe Veleno wins face-off versus Sam Bennett in Toronto Maple Leafs zone.
13:33 of 3rd period - Snap shot by John-Jason Peterka.
13:33 of 3rd period - Shot Misses the Net.
13:53 of 3rd period - Trevor Zegras is hit by Austin Wagner and loses puck.
14:00 of 3rd period - Slapshot by Phil Kessel.
14:00 of 3rd period - Stopped by Frederik Andersen with a rebound.
15:10 of 3rd period - John-Jason Peterka is hit by Mario Ferraro.
15:29 of 3rd period - Off-side.
15:30 of 3rd period - Scott Laughton wins face-off versus Joe Veleno in neutral zone.
15:33 of 3rd period - Joel Farabee is hit by Trevor Zegras and loses puck.
15:57 of 3rd period - Wrist shot by Nino Niederreiter.
15:57 of 3rd period - Shot Misses the Net.
15:59 of 3rd period - Slapshot by Cody Ceci.
15:59 of 3rd period - Stopped by Pyotr Kochetkov without a rebound.
16:00 of 3rd period - Nicolas Roy wins face-off versus Dylan Gambrell in Boston Bruins zone.
16:11 of 3rd period - Dylan Gambrell is hit by Nicolas Roy and loses puck.
16:32 of 3rd period - Slapshot by Charlie McAvoy.
16:32 of 3rd period - Shot Misses the Net.
17:34 of 3rd period - Aaron Ekblad is hit by Ryan Donato and loses puck.
17:56 of 3rd period - Snap shot by Andrew Mangiapane.
17:56 of 3rd period - Shot Misses the Net.
18:20 of 3rd period - Wrist shot by Troy Terry.
18:20 of 3rd period - Stopped by Pyotr Kochetkov without a rebound.
18:21 of 3rd period - Nicolas Roy wins face-off versus Joe Veleno in Boston Bruins zone.
18:50 of 3rd period - Boston Bruins, Pyotr Kochetkov is pulled from the net.
19:00 of 3rd period - Slapshot by Dougie Hamilton.
19:00 of 3rd period - Goal by Dougie Hamilton - Toronto Maple Leafs : 4 - Boston Bruins : 2.
19:00 of 3rd period - Pyotr Kochetkov from Boston Bruins was sent back in the game.
19:01 of 3rd period - Nicolas Roy wins face-off versus Dylan Gambrell in neutral zone.
19:04 of 3rd period - Snap shot by Andrew Mangiapane.
19:04 of 3rd period - Stopped by Pyotr Kochetkov with a rebound.
19:26 of 3rd period - Charlie McAvoy is hit by Ryan Pulock and loses puck.
Goals for this period are 1 for Toronto Maple Leafs vs 1 for Boston Bruins.
Shots for this period are 14 for Toronto Maple Leafs vs 10 for Boston Bruins.
Back to the Top